 Dungeon Sprint DCSS version 0.21-a0-426-g98080a9 (webtiles) character file.

150 Kidiri the Skirmisher (level 5, 0/43 HPs)
             Began as a Demonspawn Transmuter on Nov 6, 2017.
             Was a Follower of Sif Muna.
             Slain by an orc wizard
             ... wielding a +0 dagger of electrocution
              (9 damage)
             ... in the Dungeon (Sprint VII: "The Pits").
             The game lasted 00:01:47 (435 turns).

Kidiri the Skirmisher (Demonspawn Transmuter)        Turns: 435, Time: 00:01:47

Health: 0/43       AC:  2    Str: 11    XL:     5   Next: 10%
Magic:  6/10       EV: 23    Int: 14    God:    Sif Muna [*.....]
Gold:   0          SH:  0    Dex: 19    Spells: 4/10 levels left

rFire    . . .     SeeInvis .     - Unarmed
rCold    . . .     Gourm    .   (shield currently unavailable)
rNeg     . . .     Faith    .   (armour currently unavailable)
rPois    x         Spirit   .   (helmet currently unavailable)
rElec    .         Reflect  .   (cloak currently unavailable)
rCorr    .         Harm     .   (gloves currently unavailable)
MR       .....     NoTele   +   (boots currently unavailable)
Stlth    +++.......             (no amulet)
HPRegen  0.14/turn              (no ring)
MPRegen  0.12/turn              (no ring)

@: spider-form (expiring)
A: demonic guardian 1
a: End Transformation, Divine Energy, Renounce Religion


You were in the Dungeon.
You worshipped Sif Muna.
Sif Muna was aware of your devotion.
You were not hungry.
You were a venomous arachnid creature.
You visited 1 branch

Inventory:

Missiles
 a - 12 arrows
Armour
 b - a +0 robe (melded)
Scrolls
 j - a scroll of blinking
 l - 3 scrolls of remove curse
 m - 5 scrolls of amnesia
 n - a scroll of summoning
Potions
 f - a potion of heal wounds
 g - a potion of haste
 h - 4 potions of magic
 i - 3 potions of berserk rage
 k - 2 potions of invisibility
Books
 c - a book of Changes

   Spells                             Type                      Level
   a - Beastly Appendage              Transmutation                1
   b - Sticks to Snakes               Transmutation                2
   c - Spider Form                    Transmutation/Poison         3
   d - Ice Form                       Ice/Transmutation            4
   e - Blade Hands                    Transmutation                5
Comestibles
 d - 8 bread rations
 o - 40 fruits
 p - 7 meat rations
 q - a chunk of flesh


   Skills:
 * Level 4.4 Fighting
 + Level 2.6 Armour
 * Level 4.4 Dodging
 + Level 3.0 Stealth
 + Level 3.9 Unarmed Combat
 + Level 3.4 Spellcasting
 * Level 4.4 Transmutations
 + Level 1.2 Poison Magic


You had 4 spell levels left.
You knew the following spells:

 Your Spells              Type           Power        Failure   Level  Hunger
a - Beastly Appendage     Tmut           ##....       11%         1    #......
b - Sticks to Snakes      Tmut           ##......     14%         2    ##.....
c - Spider Form           Tmut/Pois      ##........   38%         3    ###....


Dungeon Overview and Level Annotations

Branches:
Dungeon (1/1)

Altars:
Ashenzari
Cheibriados
Dithmenos
Elyvilon
Fedhas
Gozag
Hepliaklqana
Kikubaaqudgha
Makhleb
Nemelex Xobeh
Okawaru
Qazlal
Ru
Sif Muna
Trog
Uskayaw
Vehumet
Wu Jian
Xom
Yredelemnul
Zin
The Shining One
Beogh
Jiyva
Lugonu

Annotations:
D exclusions: 6 doors and 6 more exclusions


Innate Abilities, Weirdness & Mutations

((You have razor-sharp toenails.))
A weak demonic guardian rushes to your aid.


Message History

The bat completely misses you. The bat completely misses you.
You barely miss the bat.
Your transformation is almost over.
The bat completely misses you. The bat closely misses you.
You bite the bat!
You kill the bat!
Sif Muna accepts your kill.
There is an open door, spattered with blood here.
Items here: )) [ † a hand axe; a leather armour; a dagger; an orc corpse You butcher the orc corpse.
There is an open door, spattered with blood here.
Items here: % )) [ a hand axe; a leather armour; a dagger; 2 chunks of flesh Unknown command.
The orc wizard hits you with a dagger of electrocution.
* * * LOW HITPOINT WARNING * * *
You are electrocuted!
You die...

#_________.#
#_________.#
#_______...###########+
##########+##..........
#.?(.+)))+.##......#..#
##########.##..........
#...........'..........
#+#####)#####......#..#
#.)#s.#÷.##..........
#..o5.+..#####+#####+
##'####+###.......#
#...o....##.......#
#...bo.o.##.......#
#####+#####...<...#
#.......# #.......#
#.......#


You could see an orc wizard and a friendly quasit.

Vanquished Creatures
  A floating eye (D)
  An orc priest (D)
  A gnoll (D)
  An ufetubus (D)
  2 leopard geckos (D)
  An orc (D)
  A bat (D)
  A hobgoblin (D)
  A quokka (D)
10 creatures vanquished.

Notes
Turn   | Place    | Note
-------+----------+-------------------------------------------
     0 | D        | Kidiri the Demonspawn Transmuter began the quest for the Orb.
     0 | D        | Reached XP level 1. HP: 15/15 MP: 3/3
    25 | D        | Noticed a floating eye
    28 | D        | Paralysed by a floating eye for 4 turns
    34 | D        | Killed a floating eye
    34 | D        | Mutation became permanent: You have razor-sharp toenails. [demonic ancestry]
    34 | D        | Gained mutation: You have claws for feet. [demonic ancestry]
    34 | D        | Reached XP level 2. HP: 25/25 MP: 3/6
    34 | D        | Reached XP level 3. HP: 30/30 MP: 3/7
    34 | D        | Mutation became permanent: You have razor-sharp toenails. [demonic ancestry]
    34 | D        | Gained mutation: You have claws for feet. [demonic ancestry]
    34 | D        | Reached XP level 4. HP: 37/37 MP: 3/8
    76 | D        | Learned a level 2 spell: Sticks to Snakes
    80 | D        | Learned a level 3 spell: Spider Form
   109 | D        | Found a bloodstained altar of Trog.
   109 | D        | Found a deep blue altar of Sif Muna.
   109 | D        | Found a viscous altar of Jiyva.
   109 | D        | Found a hazy altar of Hepliaklqana.
   109 | D        | Found an opulent altar of Gozag.
   110 | D        | Found a glowing golden altar of the Shining One.
   110 | D        | Found a glowing silver altar of Zin.
   110 | D        | Found a basalt altar of Yredelemnul.
   110 | D        | Found a shimmering altar of Xom.
   110 | D        | Found an ornate altar of the Wu Jian Council.
   110 | D        | Found a sacrificial altar of Ru.
   110 | D        | Found a stormy altar of Qazlal.
   110 | D        | Found an iron altar of Okawaru.
   110 | D        | Found a sparkling altar of Nemelex Xobeh.
   110 | D        | Found a burning altar of Makhleb.
   110 | D        | Found a blossoming altar of Fedhas.
   110 | D        | Found a white marble altar of Elyvilon.
   110 | D        | Found a shadowy altar of Dithmenos.
   110 | D        | Found a snail-covered altar of Cheibriados.
   112 | D        | Found a radiant altar of Vehumet.
   112 | D        | Found a corrupted altar of Lugonu.
   112 | D        | Found a roughly hewn altar of Beogh.
   113 | D        | Found a hide-covered altar of Uskayaw.
   113 | D        | Found an ancient bone altar of Kikubaaqudgha.
   113 | D        | Found a shattered altar of Ashenzari.
   119 | D        | Became a worshipper of Sif Muna the Loreminder
   413 | D        | Reached * piety under Sif Muna
   422 | D        | Reached skill level 1 in Poison Magic
   422 | D        | Gained mutation: A weak demonic guardian rushes to your aid. [demonic ancestry]
   422 | D        | Reached XP level 5. HP: 12/43 MP: 4/10
   435 | D        | Slain by an orc wizard

Vault maps used:
D:        pitsprint

Skill      XL: |  1  2  3  4 |
---------------+-------------+-----
Fighting       | 3 4 |  4.4
Armour         | 2 |  2.6
Dodging        | 3 4 |  4.4
Stealth        | 2 3 |  3.0
Unarmed Combat | 3 |  3.9
Spellcasting   | 3 |  3.4
Transmutations | 3 4 |  4.4
Poison Magic   | 1 |  1.2

Action                   |  1- 3 |  4- 6 || total
-------------------------+-------+-------++-------
Melee: Unarmed           |     5 |    30 ||    35
       Kick              |     2 |       ||     2
 Cast: Beastly Appendage |     1 |       ||     1
       Spider Form       |       |     4 ||     4
  Use: Potion            |       |     1 ||     1
 Stab: Sleeping          |       |     2 ||     2
Armor: Skin              |       |     3 ||     3
Dodge: Dodged            |       |    58 ||    58

Table legend:
 A = Spawn XP
 B = Non-spawn XP
 C = Spawn XP percentage of total XP
 D = Spawn monster count
 E = Non-spawn monster count
 F = Spawn count percentage of total count
 G = Total turns spent on level
                    A         B        C        D         E        F      G
               +---------+---------+-------+---------+---------+-------+---------
         Total |       0 |     215 |   0.0 |       0 |      10 |   0.0 |   435
               +---------+---------+-------+---------+---------+-------+---------
             D |       0 |     215 |   0.0 |       0 |      10 |   0.0 |   435
               +---------+---------+-------+---------+---------+-------+---------
